 Dungeon Crawl Stone Soup version 0.31-a0-538-gbc85326fa9 (webtiles) character file.

Game seed: 4915895944944934999

1624 LeprechaunX the Ducker (level 8, -6/49 (51) HPs)
             Began as an Octopode Shapeshifter on Aug 14, 2023.
             Was a Follower of Hepliaklqana.
             Mangled by a wight
             ... wielding a +2 falchion
              (11 damage)
             ... on level 6 of the Dungeon.
             The game lasted 00:06:44 (4345 turns).

LeprechaunX the Ducker (Octopode Shapeshifter)      Turns: 4345, Time: 00:06:44

HP:   -6/49 (51)    AC:  1    Str: 22    XL:     8   Next: 97%
MP:   8/8           EV: 15    Int: 17    God:    Hepliaklqana [*.....]
Gold: 259           SH:  0    Dex: 12    Spells: 7/7 levels left

rFire   . . .        i - +5 whip of Tothraem {freeze, Int+6}
rCold   . . .        (no shield)
rNeg    . . .        (helmet currently unavailable)
rPois   .            w - amulet of the acrobat
rElec   .            q - ring of resist corrosion
rCorr   +            u - ring of willpower
SInv    .            y - +6 ring of strength
Will    +....        (no ring)
Stlth   ++           (no ring)
HPRegen 0.28/turn    (no ring)
MPRegen 0.11/turn    (no ring)
                     (no ring)

%: acrobat
@: beast-form, lightly drained
A: beast (slay +3), reduced essence, almost no armour, amphibious, 8 rings,
camouflage 1, gelatinous body 1, (nimble swimmer 1), tentacles
a: Begin Untransformation, Renounce Religion, Recall Ancestor, Ancestor Identity


You were on level 6 of the Dungeon.
You worshipped Hepliaklqana.
Hepliaklqana was aware of your devotion.
You were a hulking beast.
You visited 1 branch of the dungeon, and saw 6 of its levels.

You collected 259 gold pieces.

Inventory:

Hand Weapons
 i - the +5 whip of Tothraem (weapon) {freeze, Int+6}
   (You found it on level 2 of the Dungeon)

   Int+6:     It affects your intelligence (+6).
Missiles
 j - 3 boomerangs
 r - 5 silver javelins
Jewellery
 q - a ring of resist corrosion (left tentacle)
 u - a ring of willpower (right tentacle)
 w - an amulet of the acrobat (around mantle)
 y - a +6 ring of strength (on tentacle)
Talismans
 b - a beast talisman (active)
 c - a flux talisman
Wands
 v - a wand of polymorph (13)
Scrolls
 d - 3 scrolls of teleportation {unknown}
 e - 2 scrolls of enchant weapon {unknown}
 f - 2 scrolls of blinking {unknown}
 g - a scroll of enchant armour {unknown}
 h - 4 scrolls of identify {unknown}
 k - 2 scrolls of immolation {unknown}
 l - a scroll of amnesia {unknown}
 m - 3 scrolls of fear {unknown}
 o - a scroll of revelation {unknown}
 s - a scroll of torment {unknown}
 x - a scroll of noise {unknown}
Potions
 a - 2 potions of lignification
 n - 2 potions of haste {unknown}
 p - 3 potions of curing {unknown}
 t - 2 potions of degeneration {unknown}
 z - a potion of enlightenment {unknown}


   Skills:
 + Level 6.1 Fighting
 - Level 2.0 Maces & Flails
 + Level 6.3 Dodging
 - Level 3.4 Unarmed Combat
 + Level 5.9 Shapeshifting


You had 7 spell levels left.
You didn't know any spells.
Your spell library contained the following spells:

 Spells                   Type           Power      Damage    Failure   Level
 Kiss of Death            Conj/Necr      0%         2d5       24%         1
 Poisonous Vapours        Pois/Air       0%         N/A       34%         2
 Confusing Touch          Hex            0%         N/A       56%         3
 Dazzling Flash           Conj/Hex       0%         N/A       56%         3
 Gell's Gravitas          Tloc           0%         N/A       56%         3
 Inner Flame              Hex/Fire       0%         N/A       56%         3
 Mephitic Cloud           Conj/Pois/Air  0%         N/A       56%         3
 Stone Arrow              Conj/Erth      0%         3d7       56%         3
 Teleport Other           Tloc           0%         N/A       56%         3
 Volatile Blastmotes      Fire/Tloc      0%         2d10      56%         3
 Dispel Undead            Necr           0%         3d6       93%         4
 Flame Wave               Conj/Fire      0%         2d4       93%         4
 Fulminant Prism          Conj/Hex       0%         3d5       93%         4
 Iskenderun's Mystic Bla  Conj/Tloc      0%         2d3       93%         4
 Passage of Golubria      Tloc           0%         N/A       93%         4
 Sticky Flame             Conj/Fire      0%         2d3       93%         4
 Freezing Cloud           Conj/Ice/Air   0%         6-21      100%        5
 Silence                  Hex/Air        0%         N/A       100%        5
 Dispersal                Tloc           0%         N/A       100%        6
 Starburst                Conj/Fire      0%         6d3       100%        6
 Lehudib's Crystal Spear  Conj/Erth      0%         10d2      100%        8
 Maxwell's Capacitive Co  Air            0%         ∞         100%        8
 Animate Armour           Summ/Erth      Unusable   N/A       N/A         4

Dungeon Overview and Level Annotations

Branches:
Dungeon (6/15)             Temple (0/1) D:4

Altars:
Elyvilon
Hepliaklqana
Nemelex Xobeh
Okawaru
Qazlal
Sif Muna
Uskayaw
Vehumet
Xom
Yredelemnul

Shops:
D:4 *   D:5 =   D:6 =


Innate Abilities, Weirdness & Mutations

You are a hulking beast.
Your limbs bulge with bestial killing power. (Slay +3)
Your life essence is reduced to manifest your ancestor. (-10% HP)
You cannot wear most types of armour.
You are amphibious.
You can wear up to eight rings at the same time.
Your skin changes colour to match your surroundings (Stealth+).
Your rubbery body absorbs attacks. (AC +1, EV +1)
((You are camouflaged when in or above water. (Stealth+)))
You have tentacles for arms and can constrict up to eight enemies at once.


Message History

You constrict the wight, but do no damage.
The wight closely misses you.
You hit the wight.
The wight is moderately damaged.
You constrict the wight. The wight misses you.
The wight hits you with a +3 dagger.
You hit the wight.
You squeeze the wight, but do no damage.
The wight is severely damaged.
You constrict the wight.
Kendra hits the wight but does no damage.
The wight hits you with a +0 dagger!
The wight barely misses Kendra.
The wight hits you from afar with a +2 halberd of protection!
You release your grip on the wight.
Kendra closely misses the wight.
You hit the wight. You grab the wight.
The wight is lightly damaged.
You constrict the wight, but do no damage.
Kendra hits the wight but does no damage.
The wight hits you with a +0 dagger.
You hit the wight but do no damage.
The wight is lightly damaged.
You constrict the wight.
Kendra hits the wight.
The wight misses you. The wight completely misses you.
You hit the wight. You squeeze the wight.
You destroy the wight!
Kendra barely misses the wight.
The wight misses you.
You whack the wight!
You destroy the wight!
Kendra hits the wight.
The wight hits you from afar with a +2 halberd of protection.
You swing at nothing.
Kendra hits the wight.
The wight hits you from afar with a +2 halberd of protection!
* * * LOW HITPOINT WARNING * * *
You feel drained.
* * * LOW HITPOINT WARNING * * *
You hit the wight but do no damage. Your grab misses the wight.
You squeeze the wight.
The wight is moderately damaged.
Kendra hits the wight.
The wight hits you with a +2 falchion!
You die...

.........#####
.#####......#
#.####.... #.#
## #.# ##.###
#....### .
##.#...# #.#
#.###h####.z.#
#.# #z#.zz.#
#.# #R).# #.#
##.z# ..# ####
###


You could see the friendly Kendra the ancestor and 2 wights.

Vanquished Creatures
  Grinder (D:5)
  Eustachio (D:5)
  Menkaure (D:6)
  A black bear (D:5)
  A centaur (D:5)
  An ogre (D:5)
  A phantom (D:4)
  A bullfrog (D:6)
  2 scorpions
  2 wights (D:6)
  A vampire bat (D:3)
  2 jellies (D:5)
  2 iguanas (D:6)
  3 orc wizards (D:5)
  7 gnolls
  9 adders
  A white imp (D:6)
  An ufetubus (D:5)
  A worm (D:2)
  2 dart slugs
  3 fire bats (D:3)
  13 orcs
  2 spectral bats (D:3)
  3 bat skeletons (D:3)
  A bat zombie (D:3)
  8 endoplasms
  2 giant cockroaches (D:2)
  8 goblins
  5 hobgoblins
  5 jackals
  5 quokkas
  8 ball pythons
  10 bats
  A bat simulacrum (D:3)
  3 frilled lizards (D:1)
  6 kobolds
  7 rats
131 creatures vanquished.

Notes
Turn   | Place    | Note
-------+----------+-------------------------------------------
     0 | D:1      | LeprechaunX the Octopode Shapeshifter began the quest for
                  | the Orb.
     0 | D:1      | Reached XP level 1. HP: 13/13 MP: 1/1
    78 | D:1      | Reached XP level 2. HP: 18/18 MP: 2/2
   280 | D:1      | Reached XP level 3. HP: 23/23 MP: 3/3
   706 | D:2      | Identified the +5 whip of Tothraem {freeze, Int+6}
   810 | D:2      | Reached XP level 4. HP: 29/29 MP: 4/4
   979 | D:2      | Reached skill level 1 in Maces & Flails
  1161 | D:2      | Found a hide-covered altar of Uskayaw.
  1375 | D:3      | Reached XP level 5. HP: 30/35 MP: 5/5
  1530 | D:3      | Found a faded altar of an unknown god.
  1565 | D:3      | Found a white marble altar of Elyvilon.
  1603 | D:3      | Found a basalt altar of Yredelemnul.
  1664 | D:3      | Found a hazy altar of Hepliaklqana.
  1972 | D:3      | Reached XP level 6. HP: 41/42 MP: 6/6
  2063 | D:3      | Found a stormy altar of Qazlal.
  2220 | D:4      | Found Olin's General Store.
  2290 | D:3      | Became a worshipper of Hepliaklqana the Forgotten
  2345 | D:4      | Found a sparkling altar of Nemelex Xobeh.
  2447 | D:4      | Found a shimmering blue altar of Sif Muna.
  2645 | D:4      | Found a staircase to the Ecumenical Temple.
  2705 | D:4      | Reached XP level 7. HP: 29/47 MP: 7/7
  2792 | D:4      | Found a shimmering altar of Xom.
  2969 | D:4      | Found an iron altar of Okawaru.
  3158 | D:5      | Entered Level 5 of the Dungeon
  3329 | D:5      | Found Fazaann's Jewellery Boutique.
  3530 | D:5      | Reached skill level 5 in Dodging
  3535 | D:5      | Reached skill level 5 in Shapeshifting
  3537 | D:5      | Reached XP level 8. HP: 36/54 MP: 8/8
  3616 | D:5      | Found a hide-covered altar of Uskayaw.
  3759 | D:5      | Found a radiant altar of Vehumet.
  3759 | D:5      | Noticed Grinder
  3759 | D:5      | Noticed Eustachio
  3766 | D:5      | Paralysed by Grinder for 3 turns
  3772 | D:5      | Killed Eustachio
  3773 | D:5      | Reached skill level 5 in Fighting
  3836 | D:5      | Killed Grinder
  4071 | D:6      | Reached * piety under Hepliaklqana
  4080 | D:6      | Noticed Menkaure
  4088 | D:6      | Killed Menkaure
  4246 | D:6      | Found Syrph's Jewellery Boutique.
  4345 | D:6      | Mangled by a wight

Illustrated notes

Levels and vault maps discovered:
D:1:      roderic_crop_circles_arrival_small, layout_rooms
D:2:      layout_loops_cross, basic_altar
D:3:      layout_rooms, yredelemnul_altar_generic,
          nicolae_overflow_hidden_temple, old_standard_altar, elyvilon_altar_1,
          basic_ecumenical_altar, dk_vineyard_3, goddamned_bats
D:4:      minmay_inner_zag, layout_basic, mainiacjoe_overflow_surrounded_room,
          hellmonk_okawaru_the_only_friend_you_need, nicolae_overflow_squiral,
          temple_fountains, serial_shops, nicolae_shop_stone
D:5:      layout_rooms, nicolae_vehumet_altar_sigil,
          nicolae_uskayaw_murder_on_the_dancefloor, serial_shops, shop,
          minivault_27, uniq_eustachio, uniq_grinder
D:6:      layout_rooms, cheibrodos_worm_habitat, portal_sewer_entry_a,
          serial_shops, shop, uniq_menkaure, uniq_pikel

Skill      XL: |  1  2  3  4  5  6  7  8 |
---------------+-------------------------+-----
Fighting       | 2 3 4 6 |  6.1
Maces & Flails | 1 2 |  2.0
Dodging        | 3 4 5 6 |  6.3
Shapeshifting  | 4 5 |  5.9
Unarmed Combat | |  3.4

Action                     |  1- 3 |  4- 6 |  7- 9 || total
---------------------------+-------+-------+-------++-------
  Melee: Unarmed           |    49 |       |       ||    49
         Constrict         |    11 |    25 |    18 ||    54
         Tentacles         |     8 |    16 |    25 ||    49
         Punch             |     1 |     2 |     3 ||     6
         Whip              |     6 |   112 |    59 ||   177
   Stab: Sleeping          |     2 |    16 |     3 ||    21
 Armour: Skin              |     3 |    15 |     3 ||    21
  Dodge: Dodged            |    24 |    83 |    28 ||   135

Table legend: (Time is in decaauts)
 A = Elapsed time spent in this place.
 B = Non-inter-level travel time spent in this place.
 C = Inter-level travel time spent in this place.
 D = Time resting spent in this place.
 E = Time spent auto-exploring this place.
 F = Levels seen in this place.
 G = Mean time per level.
                   A        B        C        D        E       F      G
               +--------+--------+--------+--------+--------+-----+--------+
         Total |   4342 |   4122 |    220 |    228 |   3169 |   6 |  723.7 |
       Dungeon |   4342 |   4122 |    220 |    228 |   3169 |   6 |  723.7 |
               +--------+--------+--------+--------+--------+-----+--------+

Top non-repeatable levels by time:
     D:4: 914 daAuts
     D:5: 902 daAuts
     D:3: 875 daAuts
     D:2: 766 daAuts
     D:1: 599 daAuts
     D:6: 283 daAuts
